 Dungeon Sprint DCSS version 0.17-a0-1674-g2b13139 (webtiles) character file.

43615 Kidiri the Imperceptible (level 13, -2/60 HPs)
             Began as a Spriggan Enchanter on Aug 19, 2015.
             Was the Champion of Dithmenos.
             Slain by an orc high priest
             ... wielding a +0 morningstar
              (12 damage)
             ... in the Dungeon (Sprint III: "The Ten Rune Challenge").
             The game lasted 00:19:27 (3181 turns).

Kidiri the Imperceptible (Spriggan Enchanter)       Turns: 3181, Time: 00:19:27

Health: -2/60      AC:  4    Str:  4    XL:     13   Next: 21%
Magic:  19/35      EV: 36    Int: 20    God:    Dithmenos [******]
Gold:   63         SH:  0    Dex: 20    Spells: 11 memorised, 17 levels left

rFire  . . .     SeeInvis +     c - +1 dagger (freeze)
rCold  . . .     Clarity  .     a - +1 robe {Archmagi}
rNeg   . . .     SustAt   .     (shield restricted)
rPois  .         Gourm    .     p - +1 hat {SInv}
rElec  .         Spirit   .     (no cloak)
rCorr  .         Warding  .     (gloves unavailable)
rMut   .         NoTele   +     (boots unavailable)
MR     ++...                    (no amulet)
Stlth  ++++++++++               (no ring)
                                (no ring)

@: wreathed by umbra, very quick, very resistant to hostile enchantments,
uncannily stealthy
A: unfitting armour, see invisible, clever 1, herbivore 3, speed 3, mutation
resistance 1, robust 1, slow metabolism 2
a: Shadow Step, Shadow Form, Renounce Religion
}: 1/10 runes: serpentine


You were in the Dungeon.
You worshipped Dithmenos.
Dithmenos was exalted by your worship.
You were not hungry.

You visited 1 branch You collected 63 gold pieces.

Inventory:

Hand weapons
 c - a +1 dagger of freezing (weapon)
Armour
 a - a +1 robe of the Archmagi (worn)
 p - a +1 hat of see invisible (worn)
Scrolls
 i - a scroll of enchant armour {unknown}
 j - a scroll of blinking
 l - 3 scrolls of torment
 r - 2 scrolls of remove curse
Potions
 e - 2 potions of curing
 f - a potion of heal wounds
 g - a potion of haste
 h - 2 potions of magic
 k - 3 potions of degeneration {unknown}
 m - a potion of agility {unknown}
 o - a potion of flight {unknown}
 s - 2 potions of cure mutation
Comestibles
 b - 5 fruits
 d - 2 bread rations
 n - 29 royal jellies


   Skills:
 + Level 11.4 Short Blades
 * Level 19.6 Dodging
 * Level 21.2 Stealth
 * Level 17.1 Spellcasting
 + Level 7.4 Conjurations
 + Level 12.6 Hexes
 + Level 7.8 Summonings
 + Level 8.9 Ice Magic
 + Level 7.4 Air Magic
 + Level 9.6 Invocations


You had 17 spell levels left.
You knew the following spells:

 Your Spells              Type           Power        Failure   Level  Hunger
a - Corona                Hex            #######      1%          1    None
b - Ensorcelled Hibernat  Hex/Ice        ######       1%          2    None
c - Confuse               Hex            #######.     1%          3    None
d - Tukima's Dance        Hex            #######.     1%          3    None
e - Dazzling Spray        Conj/Hex       ######..     1%          3    None
f - Summon Small Mammal   Summ           ####         1%          1    None
g - Call Imp              Summ           ######..     1%          2    None
h - Call Canine Familiar  Summ           ######..     1%          3    None
i - Summon Guardian Gole  Hex/Summ       ######..     1%          3    None
j - Summon Ice Beast      Ice/Summ       ######..     1%          4    None
k - Summon Lightning Spi  Summ/Air       ######..     1%          4    None


Dungeon Overview and Level Annotations

Branches:
Dungeon (1/1)

Altars:
Cheibriados
Dithmenos
Elyvilon
Fedhas
Gozag
Kikubaaqudgha
Makhleb
Nemelex Xobeh
Okawaru
Qazlal
Ru
Sif Muna
Trog
Vehumet
Xom
Yredelemnul
Zin
The Shining One
Jiyva
Lugonu

Shops:
D :%([}%


Innate Abilities, Weirdness & Mutations

You are tiny and cannot use many weapons and most armour.
You have supernaturally acute eyesight.
You are a herbivore.
You cover ground extremely quickly.
You need consume almost no food.
Your mind is acute. (Int +2)
You are somewhat resistant to further mutation.
You are robust (+10% HP).


Message History

The ice devil disappears in a puff of smoke!
The helpless orc high priest fails to defend itself.
You skewer the orc high priest like a kebab!!!!!
You freeze the orc high priest!
You kill the orc high priest!
Dithmenos accepts your kill.
The sixfirhy disappears in a puff of smoke!
The orc high priest completely misses you.
The orange demon misses you.
Casting: Ensorcelled Hibernation
Confirm with . or Enter, or press ? or * to list all spells.
Aiming: Ensorcelled Hibernation
Press: ? - help, Shift-Dir - straight line, f - orc high priest
Aim: an orc high priest, wielding a morningstar (umbra, chance to defeat MR: 37%)
You feel a surge of power!
The orc high priest easily resists.
Your shadow mimicks your spell!
The orc high priest resists with almost no effort.
The orange demon misses you.
The orc high priest hits you with a morningstar!
You die...

'.#§§§#.#.#)..#.#.#.#.#...≈≈≈≈#*,
#.#§§§#...#)).##.#.#.##...≈≈≈≈#*,
▓▓▓▓▓▓▓▓▓▓▓▓▓▓#.#.#.#.#.......#*,
........≈≈≈...##.#.#.##.......#**
≈≈≈≈≈≈≈≈≈≈♣♣P.+.#.#.#.#.......#*,
♣♣♣♣♣♣♣♣♣♣♣♣PP##.#.#.##########**
♣♣♣##§########*******,
♣♣♣♣♣♣♣♣♣♣♣♣**#§§§4.≈≈≈≈#*≈,≈≈≈**
.##≈≈≈≈≈≈..#,,#§@o#§≈≈≈≈#,,≈*≈≈*,
#.#≈≈≈≈≈...#,,#§§§#.#≈≈≈#*≈**≈≈*,
.##+≈≈≈≈§####+#####.#,§≈§#**≈≈≈*,
...#≈≈..§§§§§§#.PPPo#**§§≈≈≈≈≈≈**
#.)#≈..+#######.o.3P#,*,≈≈≈≈≈≈≈*,
####...#....))#.oooP#+***≈≈≈≈≈≈*,
#......#♣♣♣._)#...4P#,,,*,§≈≈≈≈**
#+#############'#####,,,***≈≈***,
#....%......###.,,,,+,,,+,*,**,*,


You could see an orc high priest and an orange demon.

Vanquished Creatures
  Rupert (D)
  Frances (D)
  Gastronok (D)
  A greater naga (D)
  Maud (D)
  Wiglaf (D)
  2 dire elephants (D)
  A naga warrior (D)
  A hydra (D)
  Erica (D)
  A centaur warrior (D)
  2 anacondas (D)
  4 death yaks (D)
  A death drake (D)
  A spriggan druid (D)
  A lindwurm (D)
  An unseen horror (D)
  2 elephants (D)
  6 black mambas (D)
  A guardian serpent (D)
  2 spiny frogs (D)
  A komodo dragon (D)
  3 wandering mushrooms (D)
  A deep elf priest (D)
  A queen bee (D)
  3 fire drakes (D)
  An orc high priest (D)
  8 blink frogs (D)
  A shadow (D)
  2 spriggans (D)
  3 redbacks (D)
  2 nagas (D)
  A spatial vortex (D)
  A swamp drake (D)
  5 water moccasins (D)
  2 centaurs (D)
  A necrophage (D)
  An earth elemental (D)
  2 brain worms (D)
  A water elemental (D)
  32 killer bees (D)
  An electric eel (D)
  A jelly (D)
  A wizard (D)
  A necromancer (D)
  A kobold demonologist (D)
  3 humans (D)
  A wolf (D)
  An ooze (D)
  3 rats (D)
118 creatures vanquished.

Vanquished Creatures (others)
  2 draconian scorchers (D)
  A hydra (D)
  A yaktaur (D)
  5 plants (D)
9 creatures vanquished.

Grand Total: 127 creatures vanquished

Notes
Turn   | Place    | Note
--------------------------------------------------------------
     0 | D        | Kidiri the Spriggan Enchanter began the quest for the Orb.
     0 | D        | Reached XP level 1. HP: 9/9 MP: 5/5
    17 | D        | Reached skill level 5 in Stealth
    68 | D        | Noticed a wolf
    71 | D        | Killed a wolf
    71 | D        | Reached skill level 5 in Dodging
    71 | D        | Reached skill level 6 in Stealth
    71 | D        | Reached XP level 2. HP: 11/13 MP: 6/8
    91 | D        | Learned a level 2 spell: Ensorcelled Hibernation
   120 | D        | Reached XP level 3. HP: 9/16 MP: 5/10
   125 | D        | Learned a level 3 spell: Confuse
   129 | D        | Learned a level 3 spell: Tukima's Dance
   255 | D        | Gained mutation: You are somewhat resistant to further mutation. [potion of mutation]
   255 | D        | Gained mutation: Your mind is acute. (Int +2) [potion of mutation]
   257 | D        | Gained mutation: You are robust (+10% HP). [potion of mutation]
   266 | D        | Noticed a water elemental
   268 | D        | Killed a water elemental
   268 | D        | Reached skill level 7 in Stealth
   268 | D        | Reached skill level 5 in Spellcasting
   268 | D        | Reached skill level 5 in Hexes
   268 | D        | Reached skill level 1 in Ice Magic
   268 | D        | Reached XP level 4. HP: 21/23 MP: 10/12
   278 | D        | Noticed a jelly
   279 | D        | Noticed a shadow
   310 | D        | Killed a shadow
   310 | D        | Reached skill level 8 in Dodging
   310 | D        | Reached skill level 10 in Stealth
   310 | D        | Reached XP level 5. HP: 25/26 MP: 13/16
   334 | D        | Killed a white draconian scorcher
   386 | D        | Killed a white draconian scorcher
   405 | D        | Learned a level 3 spell: Dazzling Spray
   487 | D        | Killed a jelly
   487 | D        | Reached XP level 6. HP: 30/30 MP: 17/17
   493 | D        | Found a stormy altar of Qazlal.
   494 | D        | Found a sacrificial altar of Ru.
   494 | D        | Found a burning altar of Makhleb.
   494 | D        | Found a viscous altar of Jiyva.
   494 | D        | Found a shimmering altar of Xom.
   494 | D        | Found a shadowy altar of Dithmenos.
   494 | D        | Found a sparkling altar of Nemelex Xobeh.
   494 | D        | Found a corrupted altar of Lugonu.
   494 | D        | Found an opulent altar of Gozag.
   494 | D        | Noticed a spatial vortex
   498 | D        | Became a worshipper of Dithmenos the Shadowed
   499 | D        | Killed a spatial vortex
   499 | D        | Reached skill level 5 in Short Blades
   499 | D        | Reached skill level 11 in Stealth
   499 | D        | Reached skill level 1 in Conjurations
   499 | D        | Reached skill level 1 in Invocations
   524 | D        | Found a radiant altar of Vehumet.
   525 | D        | Found a deep blue altar of Sif Muna.
   525 | D        | Found an ancient bone altar of Kikubaaqudgha.
   525 | D        | Noticed a wizard
   526 | D        | Killed a wizard
   528 | D        | Reached skill level 10 in Dodging
   553 | D        | Learned a level 1 spell: Summon Small Mammal
   556 | D        | Learned a level 2 spell: Call Imp
   560 | D        | Learned a level 3 spell: Call Canine Familiar
   564 | D        | Learned a level 3 spell: Summon Guardian Golem
   675 | D        | Found a glowing silver altar of Zin.
   676 | D        | Found a glowing golden altar of the Shining One.
   676 | D        | Found a white marble altar of Elyvilon.
   676 | D        | Noticed a deep elf priest
   678 | D        | Killed a deep elf priest
   678 | D        | Reached skill level 1 in Summonings
   678 | D        | Reached XP level 7. HP: 35/35 MP: 18/20
   693 | D        | Found an iron altar of Okawaru.
   694 | D        | Found a bloodstained altar of Trog.
   694 | D        | Noticed a human
   694 | D        | Noticed a human
   698 | D        | Killed a human
   698 | D        | Reached skill level 12 in Stealth
   714 | D        | Killed a human
   728 | D        | Learned a level 4 spell: Summon Ice Beast
   760 | D        | Found a basalt altar of Yredelemnul.
   760 | D        | Found a snail-covered altar of Cheibriados.
   760 | D        | Found a blossoming altar of Fedhas.
   760 | D        | Noticed a necrophage
   760 | D        | Noticed a necromancer
   766 | D        | Killed a necrophage
   766 | D        | Acquired Dithmenos's first power
   766 | D        | Reached XP level 8. HP: 37/39 MP: 6/22
   791 | D        | Killed a necromancer
   791 | D        | Reached skill level 10 in Spellcasting
   983 | D        | Noticed Erica
   985 | D        | Killed Erica
   985 | D        | Reached skill level 13 in Stealth
  1002 | D        | Noticed an earth elemental
  1005 | D        | Killed an earth elemental
  1010 | D        | Noticed a centaur
  1010 | D        | Noticed a centaur warrior
  1010 | D        | Noticed a centaur
  1013 | D        | Killed a centaur
  1015 | D        | Killed a centaur warrior
  1015 | D        | Acquired Dithmenos's second power
  1015 | D        | Reached skill level 14 in Stealth
  1015 | D        | Reached skill level 5 in Ice Magic
  1015 | D        | Reached XP level 9. HP: 42/42 MP: 23/25
  1016 | D        | Killed a centaur
  1016 | D        | Reached skill level 5 in Invocations
  1027 | D        | Learned a level 4 spell: Summon Lightning Spire
  1036 | D        | Noticed an unseen horror
  1038 | D        | Killed an unseen horror
  1038 | D        | Reached skill level 1 in Air Magic
  1048 | D        | Noticed a killer bee
  1048 | D        | Noticed a killer bee
  1048 | D        | Noticed a killer bee
  1048 | D        | Noticed a killer bee
  1048 | D        | Noticed a killer bee
  1048 | D        | Noticed a killer bee
  1048 | D        | Noticed a killer bee
  1048 | D        | Noticed a killer bee
  1048 | D        | Noticed a killer bee
  1048 | D        | Noticed a killer bee
  1048 | D        | Noticed a killer bee
  1048 | D        | Noticed a killer bee
  1048 | D        | Noticed a queen bee
  1048 | D        | Noticed a killer bee
  1048 | D        | Noticed a killer bee
  1049 | D        | Noticed a killer bee
  1050 | D        | Noticed a killer bee
  1050 | D        | Noticed a killer bee
  1050 | D        | Noticed a killer bee
  1050 | D        | Noticed a killer bee
  1050 | D        | Killed a killer bee
  1051 | D        | Noticed a killer bee
  1052 | D        | Noticed a killer bee
  1052 | D        | Noticed a killer bee
  1053 | D        | Noticed a killer bee
  1053 | D        | Killed a killer bee
  1054 | D        | Noticed a killer bee
  1055 | D        | Noticed a killer bee
  1055 | D        | Noticed a killer bee
  1055 | D        | Noticed a killer bee
  1055 | D        | Killed a killer bee
  1055 | D        | Acquired Dithmenos's third power
  1057 | D        | Killed a killer bee
  1059 | D        | Killed a killer bee
  1060 | D        | Noticed a killer bee
  1060 | D        | Noticed a killer bee
  1060 | D        | Noticed a killer bee
  1061 | D        | Noticed a killer bee
  1063 | D        | Killed a killer bee
  1064 | D        | Noticed a killer bee
  1065 | D        | Killed a killer bee
  1068 | D        | Killed a killer bee
  1070 | D        | Killed a killer bee
  1070 | D        | Acquired Dithmenos's fourth power
  1202 | D        | Killed a killer bee
  1202 | D        | Reached skill level 15 in Stealth
  1204 | D        | Killed a killer bee
  1209 | D        | Killed a killer bee
  1211 | D        | Killed a killer bee
  1213 | D        | Killed a killer bee
  1215 | D        | Killed a killer bee
  1217 | D        | Killed a killer bee
  1219 | D        | Killed a killer bee
  1221 | D        | Killed a killer bee
  1221 | D        | Reached XP level 10. HP: 41/48 MP: 7/27
  1223 | D        | Killed a killer bee
  1225 | D        | Killed a killer bee
  1364 | D        | Killed a killer bee
  1366 | D        | Killed a killer bee
  1370 | D        | Killed a killer bee
  1372 | D        | Killed a killer bee
  1375 | D        | Killed a killer bee
  1377 | D        | Killed a killer bee
  1379 | D        | Killed a killer bee
  1381 | D        | Killed a killer bee
  1383 | D        | Killed a killer bee
  1385 | D        | Killed a killer bee
  1387 | D        | Killed a killer bee
  1389 | D        | Killed a killer bee
  1391 | D        | Killed a queen bee
  1496 | D        | Noticed a wandering mushroom
  1497 | D        | Noticed a wandering mushroom
  1497 | D        | Noticed a wandering mushroom
  1498 | D        | Killed a wandering mushroom
  1503 | D        | Killed a wandering mushroom
  1504 | D        | Killed a wandering mushroom
  1504 | D        | Reached skill level 16 in Stealth
  1535 | D        | Killed a yaktaur
  1547 | D        | Noticed a spiny frog
  1547 | D        | Noticed a komodo dragon
  1547 | D        | Noticed a spiny frog
  1551 | D        | Killed a spiny frog
  1553 | D        | Killed a spiny frog
  1556 | D        | Killed a komodo dragon
  1556 | D        | Reached skill level 10 in Hexes
  1634 | D        | Noticed a redback
  1636 | D        | Killed a redback
  1642 | D        | Noticed a brain worm
  1645 | D        | Killed a brain worm
  1645 | D        | Reached skill level 15 in Dodging
  1727 | D        | Noticed a brain worm
  1729 | D        | Killed a brain worm
  1735 | D        | Noticed a lindwurm
  1737 | D        | Noticed a redback
  1738 | D        | Killed a lindwurm
  1738 | D        | Reached skill level 5 in Conjurations
  1738 | D        | Reached skill level 5 in Summonings
  1740 | D        | Killed a redback
  1744 | D        | Noticed a redback
  1745 | D        | Killed a redback
  1746 | D        | Noticed Maud
  1748 | D        | Killed Maud
  1748 | D        | Reached skill level 17 in Stealth
  1748 | D        | Reached XP level 11. HP: 51/51 MP: 29/29
  1851 | D        | Noticed an electric eel
  1852 | D        | Noticed a five-headed hydra
  1852 | D        | Noticed a five-headed hydra
  1854 | D        | Killed an electric eel
  1921 | D        | Killed a five-headed hydra
  1983 | D        | Killed a five-headed hydra
  2061 | D        | Noticed a death drake
  2064 | D        | Killed a death drake
  2077 | D        | Found a blossoming altar of Fedhas.
  2077 | D        | Noticed a spriggan
  2077 | D        | Noticed a spriggan druid
  2077 | D        | Noticed a spriggan
  2079 | D        | Killed a spriggan druid
  2080 | D        | Killed a spriggan
  2081 | D        | Killed a spriggan
  2112 | D        | Noticed a black mamba
  2112 | D        | Noticed an anaconda
  2112 | D        | Noticed a black mamba
  2112 | D        | Noticed a water moccasin
  2114 | D        | Killed an anaconda
  2115 | D        | Killed a black mamba
  2115 | D        | Reached skill level 18 in Stealth
  2117 | D        | Killed a black mamba
  2119 | D        | Killed a water moccasin
  2140 | D        | Noticed a black mamba
  2140 | D        | Noticed a water moccasin
  2140 | D        | Noticed an anaconda
  2140 | D        | Noticed a water moccasin
  2142 | D        | Killed a water moccasin
  2144 | D        | Killed a black mamba
  2145 | D        | Killed a water moccasin
  2148 | D        | Killed an anaconda
  2148 | D        | Reached skill level 5 in Air Magic
  2165 | D        | Noticed a black mamba
  2165 | D        | Noticed a water moccasin
  2165 | D        | Noticed a water moccasin
  2167 | D        | Killed a water moccasin
  2171 | D        | Killed a black mamba
  2172 | D        | Killed a water moccasin
  2208 | D        | Noticed a naga
  2208 | D        | Noticed a naga
  2209 | D        | Noticed a naga warrior
  2209 | D        | Noticed a greater naga
  2209 | D        | Found Nediylom's Antique Armour Shop.
  2209 | D        | Found Teqadeol's Gadget Shoppe.
  2210 | D        | Killed a naga
  2211 | D        | Killed a naga
  2212 | D        | Found Picit's Food Boutique.
  2213 | D        | Killed a naga warrior
  2213 | D        | Reached skill level 10 in Short Blades
  2213 | D        | Reached skill level 15 in Spellcasting
  2214 | D        | Killed a greater naga
  2214 | D        | Reached skill level 19 in Stealth
  2214 | D        | Reached XP level 12. HP: 56/56 MP: 26/32
  2229 | D        | Noticed a guardian serpent
  2231 | D        | Killed a guardian serpent
  2234 | D        | Got a serpentine rune of Zot
  2401 | D        | Noticed a swamp drake
  2401 | D        | Noticed a fire drake
  2409 | D        | Killed a swamp drake
  2420 | D        | Killed a fire drake
  2455 | D        | Noticed a blink frog
  2455 | D        | Noticed a blink frog
  2455 | D        | Noticed a blink frog
  2455 | D        | Noticed a blink frog
  2456 | D        | Noticed a blink frog
  2458 | D        | Killed a blink frog
  2460 | D        | Killed a blink frog
  2462 | D        | Killed a blink frog
  2464 | D        | Killed a blink frog
  2483 | D        | Killed a blink frog
  2544 | D        | Noticed Rupert
  2546 | D        | Killed Rupert
  2565 | D        | Noticed a death yak
  2566 | D        | Noticed a death yak
  2566 | D        | Noticed a blink frog
  2567 | D        | Noticed an azure jelly
  2567 | D        | Noticed a death yak
  2567 | D        | Noticed an azure jelly
  2567 | D        | Noticed a blink frog
  2567 | D        | Noticed a death yak
  2568 | D        | Killed a death yak
  2569 | D        | Killed a blink frog
  2570 | D        | Killed a death yak
  2571 | D        | Noticed a blink frog
  2571 | D        | Noticed a black mamba
  2572 | D        | Killed a death yak
  2573 | D        | Noticed a black mamba
  2574 | D        | Killed a blink frog
  2574 | D        | Reached skill level 20 in Stealth
  2575 | D        | Killed a death yak
  2576 | D        | Killed a blink frog
  2578 | D        | Killed a black mamba
  2579 | D        | Killed a black mamba
  2628 | D        | Noticed a fire drake
  2630 | D        | Killed a fire drake
  2634 | D        | Noticed a fire drake
  2635 | D        | Found Lerphiti's Book Shoppe.
  2636 | D        | Killed a fire drake
  2654 | D        | Found Fed Soj's Food Boutique.
  2655 | D        | Found Daeleyl's Antique Weapon Emporium.
  3015 | D        | Noticed an azure jelly
  3015 | D        | Noticed an azure jelly
  3016 | D        | Noticed an elephant
  3016 | D        | Noticed an elephant
  3016 | D        | Noticed a dire elephant
  3016 | D        | Noticed a dire elephant
  3016 | D        | Noticed Gastronok
  3018 | D        | Killed Gastronok
  3019 | D        | Killed a dire elephant
  3021 | D        | Killed a dire elephant
  3021 | D        | Reached XP level 13. HP: 60/60 MP: 34/34
  3025 | D        | Killed an elephant
  3028 | D        | Killed an elephant
  3106 | D        | Noticed Wiglaf
  3106 | D        | Noticed Frances
  3108 | D        | Killed Wiglaf
  3109 | D        | Killed Frances
  3109 | D        | Reached skill level 21 in Stealth
  3134 | D        | Noticed an orc high priest
  3134 | D        | Noticed an orc high priest
  3136 | D        | Noticed an orc high priest
  3137 | D        | Noticed an orc priest
  3174 | D        | HP: 3/60 [ice devil[an orc high priest] (14)]
  3180 | D        | Killed an orc high priest
  3181 | D        | Slain by an orc high priest

Vault maps used:
D:        dungeon_sprint_mu

Action                   |  1- 3 |  4- 6 |  7- 9 | 10-12 | 13-15 || total
-------------------------+-------+-------+-------+-------+-------++-------
Melee: Dagger            |    22 |    19 |    62 |    86 |    16 ||   205
 Cast: Ensorcelled Hiber |     2 |       |    27 |    35 |     3 ||    67
       Corona            |     1 |       |       |       |       ||     1
       Dazzling Spray    |       |       |     5 |     6 |     6 ||    17
       Confuse           |       |       |     2 |     2 |       ||     4
Invok: Shadow Step       |       |       |       |    13 |     1 ||    14
  Use: Potion            |     3 |     1 |       |       |     1 ||     5
       Scroll            |     3 |       |       |     2 |       ||     5
 Stab: Sleeping          |     5 |     5 |    24 |    68 |     5 ||   107
       Confused          |       |       |     2 |     1 |       ||     3
       Invisible         |       |       |     1 |       |       ||     1
  Eat: Fruit             |       |       |       |     1 |       ||     1
